 Dungeon Crawl Stone Soup version 0.30-a0-381-g6ea064c7b4 (webtiles) character file.

Game seed: 15887812094331621234

3 LnG the Caller (level 1, 0/10 HPs)
             Began as a Kobold Summoner on Dec 1, 2022.
             Slain by a quokka (5 damage)
             ... on level 1 of the Dungeon.
             The game lasted 00:00:42 (246 turns).

LnG the Caller (Kobold Summoner)                     Turns: 246, Time: 00:00:42

Health: 0/10       AC:  2    Str:  5    XL:     1   Next: 55%
Magic:  1/3        EV: 15    Int: 16    God:
Gold:   30         SH:  0    Dex: 15    Spells: 3/4 levels left

rFire   . . .      SeeInvis .    (weapon restricted)
rCold   . . .      Faith    .    (no shield)
rNeg    . . .      Spirit   .    a - +0 robe
rPois   .          Reflect  .    (no helmet)
rElec   .          Harm     .    (no cloak)
rCorr   .          Rampage  .    (no gloves)
Will    .....                    (no boots)
Stlth   +++.......               (no amulet)
HPRegen 0.21/turn                (no ring)
MPRegen 0.08/turn                (no ring)

@: no status effects
A: small, no large weapons, nightstalker 3
a: no special abilities


You were on level 1 of the Dungeon.
You visited 1 branch of the dungeon, and saw 1 of its levels.

You collected 30 gold pieces.

Inventory:

Armour
 a - a +0 robe (worn)
Potions
 b - a potion of magic


   Skills:
 * Level 2.5 Dodging
 * Level 2.7 Stealth
 + Level 2.2 Spellcasting
 + Level 4.1 Summonings


You had 3 spell levels left.
You knew the following spells:

 Your Spells              Type           Power      Damage    Failure   Level
a - Summon Small Mammal   Summ           56%        N/A       3%          1

Your spell library contained the following spells:

 Spells                   Type           Power      Damage    Failure   Level
 Call Imp                 Summ           14%        N/A       5%          2
 Call Canine Familiar     Summ           14%        N/A       11%         3
 Summon Guardian Golem    Hex/Summ       8%         N/A       26%         3
 Summon Lightning Spire   Summ/Air       8%         N/A       65%         4


Dungeon Overview and Level Annotations

Branches:
Dungeon (1/15)

Altars:


Innate Abilities, Weirdness & Mutations

You are small and have problems with some larger weapons.
You are completely attuned to the shadows.


Message History

Confirm with . or Enter, or press ? or * to list all spells.
You miscast Summon Small Mammal.
You are very lightly contaminated with residual magic.
Nothing appears to happen.
Your bat hits the quokka. x2; The quokka bites you.
You closely miss the quokka.
The quokka is moderately wounded.
Your bat misses the quokka. The quokka closely misses you.
Your bat barely misses the quokka.
You completely miss the quokka.
The quokka is moderately wounded.
Your bat closely misses the quokka.
The quokka closely misses you. The quokka completely misses you.
You closely miss the quokka.
The quokka is moderately wounded.
Your bat barely misses the quokka.
Your bat closely misses the quokka.
The quokka barely misses you.
You hit the quokka.
The quokka is heavily wounded.
Your bat hits the quokka.
Your bat closely misses the quokka.
The quokka bites you.
You hit the quokka but do no damage.
The quokka is severely wounded.
Your bat barely misses the quokka.
Your bat hits the quokka but does no damage.
The quokka barely misses your bat.
You closely miss the quokka.
The quokka is severely wounded.
Your bat closely misses the quokka.
The quokka bites you.
Your magical contamination has completely faded away.
You hit the quokka but do no damage.
The quokka is severely wounded.
Your bat hits the quokka but does no damage.
The quokka misses you.
Your bat closely misses the quokka.
The quokka closely misses you.
You hit the quokka but do no damage.
The quokka is severely wounded.
Your bat hits the quokka but does no damage.
The quokka bites you.
Ouch! That really hurt!
You die...

#.. #.##### #......
#########.r#... #.........@..#
#.########b.... ######.##
#..... ........##
####...#.#####
######..#.>.............####
#.#
......#..##.########.....###.#
#####.#.......).......##..##.#
#.#......#######.........#
#.#...#...#......####.....


You could see a quokka (ally target) and a friendly bat (summoned).

Vanquished Creatures (collateral kills)
  A giant cockroach (D:1)
  A ball python (D:1)
  A bat (D:1)
  A goblin (D:1)
4 creatures vanquished.

Notes
Turn   | Place    | Note
-------+----------+-------------------------------------------
     0 | D:1      | LnG the Kobold Summoner began the quest for the Orb.
     0 | D:1      | Reached XP level 1. HP: 10/10 MP: 3/3
   246 | D:1      | Slain by a quokka

Illustrated notes

Levels and vault maps discovered:
D:1:      ncdulo_smallfort, layout_basic

Action                   || total
-------------------------++-------
Melee: Unarmed           ||    20
 Cast: Summon Small Mamm ||     9
 Stab: Sleeping          ||     1
Dodge: Dodged            ||    20

Table legend: (Time is in decaauts)
 A = Elapsed time spent in this place.
 B = Non-inter-level travel time spent in this place.
 C = Inter-level travel time spent in this place.
 D = Time resting spent in this place.
 E = Time spent auto-exploring this place.
 F = Levels seen in this place.
 G = Mean time per level.
                   A        B        C        D        E       F      G
               +--------+--------+--------+--------+--------+-----+--------+
         Total |    246 |    246 |      0 |      0 |    183 |   1 |  246.0 |
       Dungeon |    246 |    246 |      0 |      0 |    183 |   1 |  246.0 |
               +--------+--------+--------+--------+--------+-----+--------+

Top non-repeatable levels by time:
     D:1: 246 daAuts
